 Dungeon Crawl Stone Soup version 0.25.1-2-g60ff931df9 (webtiles) character file.

Game seed: 9459130238905542282

5299 Elvor the Basher (level 10, -1/91 HPs)
             Began as a Minotaur Fighter on Aug 31, 2020.
             Was a High Priest of Okawaru.
             Slain by a two-headed ogre
             ... wielding a +0 giant club
              (13 damage)
             ... on level 8 of the Dungeon.
             The game lasted 00:54:09 (6718 turns).

Elvor the Basher (Minotaur Fighter)                 Turns: 6718, Time: 00:54:09

Health: -1/91      AC: 14    Str: 22    XL:     10   Next: 37%
Magic:  9/9        EV:  6    Int:  5    God:    Okawaru [*****.]
Gold:   226        SH: 11    Dex: 10    Spells: 9/9 levels left

rFire    . . .     SeeInvis .   B - +0 morningstar
rCold    . . .     Gourm    .   c - +0 kite shield
rNeg     . . .     Faith    .   w - +0 plate armour
rPois    .         Spirit   .   (helmet restricted)
rElec    .         Reflect  .   (no cloak)
rCorr    .         Harm     .   (no gloves)
MR       .....                  (no boots)
Stlth    ..........             (no amulet)
HPRegen  0.25/turn              p - ring of attention (curse)
MPRegen  0.11/turn              (no ring)

@: no status effects
A: retaliatory headbutt, horns 2, weak 1
a: Heroism, Finesse, Renounce Religion


You were on level 8 of the Dungeon.
You worshipped Okawaru.
Okawaru was extremely pleased with you.
You were not hungry.

You visited 2 branches of the dungeon, and saw 9 of its levels.

You collected 343 gold pieces.
You spent 117 gold pieces at shops.

Inventory:

Hand Weapons
 a - a +0 flail
 u - a +2 mace of holy wrath
 B - a +0 morningstar (weapon)
 E - a +0 flail of venom
 F - the +3 flail of Teezoshret {distort, rN+++ Str-2}
   (You found it on level 5 of the Dungeon)

   It warps and distorts space around it.
   Unwielding it can cause banishment or high damage.
   It affects your strength (-2).
   It renders you almost immune to negative energy.
 N - a +1 whip of flaming
Missiles
 m - 12 poisoned darts (quivered)
 q - 8 atropa-tipped darts
 s - 2 throwing nets
Armour
 c - a +0 kite shield (worn)
 l - a +1 robe of magic resistance
 r - a +2 buckler
 w - a +0 plate armour (worn)
 D - a +0 leather armour of magic resistance
 H - a +1 robe of the Archmagi
Magical Staves
 K - an uncursed staff of cold
Jewellery
 p - a cursed ring of attention (left hand)
Wands
 t - a wand of iceblast (6)
 x - a wand of enslavement (7)
 y - a wand of clouds (3)
 I - a wand of disintegration (2)
 J - a wand of random effects (13)
Scrolls
 b - 2 scrolls of teleportation
 e - 2 scrolls of fog
 i - 3 scrolls of amnesia
 j - 2 scrolls of remove curse
 v - 2 scrolls of fear
 C - a scroll of magic mapping {unknown}
 G - a scroll of immolation {unknown}
 O - a scroll of enchant armour {unknown}
Potions
 d - 3 potions of might
 g - 4 potions of haste
 h - 8 potions of curing
 k - a potion of brilliance {unknown}
 n - a potion of mutation {unknown}
 o - 3 potions of invisibility
 z - 2 potions of cancellation
 A - a potion of flight
 L - a potion of magic {unknown}
 M - a potion of stabbing {unknown}
Comestibles
 f - 10 rations


   Skills:
 * Level 9.5 Fighting
 + Level 10.5 Maces & Flails
 + Level 4.1 Throwing
 + Level 8.9 Armour
 + Level 1.4 Dodging
 + Level 0.1 Stealth
 + Level 8.6 Shields
 + Level 0.5 Invocations


You had 9 spell levels left.
You didn't know any spells.
Your spell library was empty.

Dungeon Overview and Level Annotations

Branches:
Dungeon (8/15)             Temple (1/1) D:7            Lair (0/6) D:8

Altars:
Ashenzari
Cheibriados
Dithmenos
Elyvilon
Fedhas
Gozag
Hepliaklqana
Kikubaaqudgha
Makhleb
Nemelex Xobeh
Okawaru
Qazlal
Ru
Sif Muna
Trog
Uskayaw
Vehumet
Wu Jian
Xom
Yredelemnul
Zin

Shops:
D:5 *[[!


Innate Abilities, Weirdness & Mutations

You reflexively headbutt those who attack you in melee.
You have a pair of horns on your head.
You are weak. (Str -2)


Message History

The two-headed ogre is heavily wounded.
The two-headed ogre looks more healthy.
The two-headed ogre hits you with a +0 giant club! x2
You puncture the two-headed ogre!
The two-headed ogre is heavily wounded.
You impale the two-headed ogre!!
The two-headed ogre is almost dead.
The two-headed ogre hits you with a +0 giant club. x2
You barely miss the two-headed ogre.
Your headbutt misses the two-headed ogre.
The two-headed ogre is almost dead.
The two-headed ogre hits you with a +0 giant club!!
* * * LOW HITPOINT WARNING * * *
You block the two-headed ogre's attack.
You hit the two-headed ogre but do no damage.
The two-headed ogre is almost dead.
The two-headed ogre hits you with a +0 giant club!
* * * LOW HITPOINT WARNING * * *
The two-headed ogre hits you with a +0 giant club!
You die...

... ....... ..............
............. .............
.............#########
............##...#...#
............#..#..#..#
.............#..#O.#
............#.#.@#..# ##########
............##..###(.##........#
.............#################.#
..................##........##.#
.....................######.##.#
................###########.##.#
............................##.#
................##############.#
..................############.#


You could see a two-headed ogre.

Vanquished Creatures
  3 death yaks (D:7)
  Pikel (D:7)
  Sigmund (D:5)
  Grum (D:8)
  Edmund (D:5)
  A water moccasin (D:7)
  3 ice beasts
  4 slaves (D:7)
  2 orc warriors (D:6)
  3 ogres
  2 wolves
  4 centaurs
  A big kobold (D:8)
  A bullfrog (D:6)
  A scorpion (D:6)
  4 killer bees (D:7)
  4 crimson imps
  A quasit (D:8)
  An orc priest (D:6)
  8 orc wizards
  2 iguanas
  5 worker ants
  A howler monkey zombie (D:8)
  4 gnolls
  10 adders
  A river rat (D:7)
  2 adder skeletons (D:5)
  3 worms
  2 dart slugs (D:3)
  4 leopard geckos
  17 orcs
  4 bats
  5 giant cockroaches
  6 goblins
  7 hobgoblins
  10 jackals
  11 kobolds
  6 quokkas
  2 ball pythons
  3 frilled lizards
  6 rats
158 creatures vanquished.

Vanquished Creatures (others)
  A phantom (D:6)
  A centaur (D:6)
2 creatures vanquished.

Grand Total: 160 creatures vanquished

Notes
Turn   | Place    | Note
-------+----------+-------------------------------------------
     0 | D:1      | Elvor the Minotaur Fighter began the quest for the Orb.
     0 | D:1      | Reached XP level 1. HP: 19/19 MP: 0/0
   237 | D:1      | Reached XP level 2. HP: 25/27 MP: 1/1
   608 | D:2      | Reached XP level 3. HP: 22/33 MP: 2/2
   709 | D:2      | Reached skill level 3 in Maces & Flails
  1339 | D:3      | Reached XP level 4. HP: 25/40 MP: 3/3
  1500 | D:3      | Found an iron altar of Okawaru.
  1517 | D:3      | Became a worshipper of Warmaster Okawaru
  1759 | D:3      | Reached skill level 4 in Maces & Flails
  1759 | D:3      | Reached skill level 1 in Dodging
  1759 | D:3      | Reached XP level 5. HP: 44/47 MP: 4/4
  1891 | D:3      | Found a hazy altar of Hepliaklqana.
  1891 | D:3      | Found a sparkling altar of Nemelex Xobeh.
  1959 | D:4      | Noticed an ogre
  1973 | D:4      | Killed an ogre
  1973 | D:4      | Reached * piety under Okawaru
  1973 | D:4      | Reached skill level 5 in Maces & Flails
  1973 | D:4      | Reached XP level 6. HP: 12/53 MP: 5/5
  2833 | D:4      | Reached skill level 5 in Fighting
  2986 | D:5      | Entered Level 5 of the Dungeon
  2998 | D:5      | Found Olaeh's Antique Armour Shoppe.
  3001 | D:5      | Reached skill level 5 in Armour
  3009 | D:5      | Found Mipsirux's Distillery.
  3021 | D:5      | Bought a potion of curing for 39 gold pieces
  3021 | D:5      | Bought a potion of flight for 39 gold pieces
  3163 | D:5      | Noticed an ice beast
  3210 | D:5      | Killed an ice beast
  3210 | D:5      | Reached skill level 6 in Maces & Flails
  3210 | D:5      | Reached skill level 5 in Shields
  3210 | D:5      | Reached XP level 7. HP: 48/61 MP: 6/6
  3366 | D:5      | Found Pubbipuh's Antique Armour Shoppe.
  3380 | D:5      | Reached skill level 1 in Throwing
  3548 | D:5      | Noticed Edmund
  3564 | D:5      | Killed Edmund
  3570 | D:5      | Got a shimmering flail
  3587 | D:5      | Noticed Sigmund
  3629 | D:4      | Identified the +3 flail of Teezoshret {distort, rN+++
                  | Str-2} (You found it on level 5 of the Dungeon)
  3711 | D:5      | Found Duc Neng's Assorted Antiques.
  3949 | D:5      | Killed Sigmund
  3949 | D:5      | Reached ** piety under Okawaru
  3949 | D:5      | Reached skill level 7 in Maces & Flails
  3994 | D:5      | Bought a potion of curing for 39 gold pieces
  4114 | D:6      | Reached XP level 8. HP: 60/70 MP: 7/7
  4479 | D:6      | Reached *** piety under Okawaru
  4591 | D:7      | Reached skill level 8 in Maces & Flails
  4641 | D:7      | Gained mutation: You are weak. (Str -2) [mutagenic glow]
  4673 | D:7      | Found a staircase to the Ecumenical Temple.
  4713 | Temple   | Entered the Ecumenical Temple
  5163 | D:7      | Found an ancient bone altar of Kikubaaqudgha.
  5293 | D:7      | Reached XP level 9. HP: 60/80 MP: 8/8
  5593 | D:8      | Noticed Grum
  5750 | D:8      | Noticed a death yak
  5895 | D:7      | Killed a death yak
  5895 | D:7      | Reached **** piety under Okawaru
  5895 | D:7      | Reached skill level 9 in Maces & Flails
  5916 | D:8      | Noticed a death yak
  5919 | D:8      | Noticed a death yak
  5936 | D:7      | Killed a death yak
  6240 | D:7      | Killed a death yak
  6240 | D:7      | Reached ***** piety under Okawaru
  6240 | D:7      | Reached skill level 10 in Maces & Flails
  6240 | D:7      | Reached XP level 10. HP: 89/90 MP: 6/9
  6257 | D:8      | Noticed Pikel
  6383 | D:7      | Killed Pikel
  6406 | D:8      | Found a staircase to the Lair.
  6415 | D:8      | Killed Grum
  6707 | D:8      | Noticed a two-headed ogre
  6718 | D:8      | Slain by a two-headed ogre

Illustrated notes

Levels and vault maps discovered:
D:1:      dpeg_arrival_simpleton_c, layout_loops_ring, eino_curves_01,
          minivault_25
D:2:      layout_loops_ring, kennysheep_another_room
D:3:      layout_rooms, gammafunk_temple_overflow_wave, first_ration,
          okawaru_ov_weapons_minmay
D:4:      layout_loops_corners
D:5:      layout_basic, serial_shops, nicolae_shop_stone,
          nicolae_shop_competitors_out_of_business, kennysheep_mini,
          nicolae_shop_window_shopping, sigmund_edmund_badplayer
D:6:      layout_layer_cave, uniq_sigmund
D:7:      layout_loops_ring, overflow_temple_1_default,
          minmay_temple_entry_stoned_glass
D:8:      layout_basic, marbit_many_paths, dpeg_lair_monsters, hangedman_ranch
          [blue_anna_fruit_fields], uniq_pikel, uniq_grum
Temple:   eino_narrow_crystal_temple

Skill      XL: |  1  2  3  4  5  6  7  8  9 10 |
---------------+-------------------------------+-----
Shields        | 4 5 6 8 |  8.6
Fighting       | 4 5 6 7 8 9 |  9.5
Armour         | 4 5 6 8 |  8.9
Maces & Flails | 3 4 5 6 7 8 10 | 10.5
Dodging        | 1 |  1.4
Throwing       | 2 3 4 |  4.1
Stealth        | |  0.1
Invocations    | |  0.5

Action                   |  1- 3 |  4- 6 |  7- 9 | 10-12 || total
-------------------------+-------+-------+-------+-------++-------
Melee: Flail             |    84 |    29 |    56 |       ||   169
       Headbutt          |    12 |    21 |    50 |    14 ||    97
       Mace              |       |    69 |    15 |       ||    84
       Morningstar       |       |       |   125 |   106 ||   231
Throw: Dart              |     5 |    11 |    27 |    11 ||    54
Invok: Heroism           |       |       |     3 |     1 ||     4
Evoke: Wand              |       |     1 |     1 |       ||     2
  Use: Scroll            |       |     5 |     3 |       ||     8
  Eat: Ration            |     1 |     1 |     3 |       ||     5
       Chunk             |       |     1 |     1 |       ||     2
Armor: Scale mail        |    31 |    13 |       |       ||    44
       Plate armour      |       |    19 |   128 |    54 ||   201
Dodge: Dodged            |    24 |    20 |    54 |    28 ||   126
Block: Kite shield       |    39 |    43 |   124 |    74 ||   280
